 Dungeon Crawl Stone Soup version 0.29.1-12-g30fa7ad0bf (webtiles) character file.

Game seed: 6084239636447692208

1745 LustLizard the Skirmisher (level 8, -5/58 HPs)
             Began as a Spriggan Hunter on Dec 31, 2022.
             Shot with an arrow by a centaur (12 damage)
             ... on level 6 of the Dungeon.
             The game lasted 00:12:29 (7141 turns).

LustLizard the Skirmisher (Spriggan Hunter)         Turns: 7141, Time: 00:12:30

Health: -5/58      AC: 24    Str:  5 (7)  XL:     8   Next: 77%
Magic:  9/9        EV:  4    Int:  9 (10) God:
Gold:   369        SH:  0    Dex: 19 (21) Spells: 7/7 levels left

rFire   . . .      SeeInvis +   a - +0 shortbow
rCold   . . .      Faith    .   (shield currently unavailable)
rNeg    . . .      Spirit   .   (body armour currently unavailable)
rPois   +          Reflect  .   (helmet currently unavailable)
rElec   .          Harm     .   (cloak currently unavailable)
rCorr   .          Rampage  .   (gloves unavailable)
Will    +....      NoTele   +   (boots unavailable)
Stlth   ++++......              (no amulet)
HPRegen 0.19/turn               (no ring)
MPRegen 0.11/turn               (no ring)

@: brilliant, tree-form, hasted, invisible, very quick
A: stationary, stasis, torment immunity, boosted hp, very small, no large
weapons, unfitting armour, see invisible, (speed 3)
a: no special abilities


You were on level 6 of the Dungeon.
You were a tree.
You visited 2 branches of the dungeon, and saw 7 of its levels.

You collected 369 gold pieces.

Inventory:

Hand Weapons
 a - a +0 shortbow (weapon)
Missiles
 w - a throwing net
Armour
 c - a +0 robe
 q - a +1 robe of cold resistance (melded)
 r - a +0 cloak (melded)
Jewellery
 s - a +6 ring of intelligence
Wands
 t - a wand of flame (21)
Scrolls
 b - 2 scrolls of immolation
 e - 2 scrolls of magic mapping {unknown}
 h - a scroll of teleportation {unknown}
 i - a scroll of fear {unknown}
 k - 2 scrolls of amnesia {unknown}
 l - 2 scrolls of identify {unknown}
 m - a scroll of enchant weapon {unknown}
 n - a scroll of vulnerability {unknown}
 v - a scroll of brand weapon {unknown}
Potions
 d - a potion of brilliance
 f - a potion of invisibility
 p - 2 potions of lignification


   Skills:
 + Level 2.1 Fighting
 * Level 9.9 Ranged Weapons
 * Level 4.2 Dodging
 - Level 9.5 Stealth


You had 7 spell levels left.
You didn't know any spells.
Your spell library contained the following spells:

 Spells                   Type           Power      Damage    Failure   Level
 Ensorcelled Hibernation  Hex/Ice        0%         N/A       52%         2
 Passwall                 Tmut/Erth      0%         N/A       52%         2
 Gell's Gravitas          Tloc           0%         N/A       77%         3
 Stone Arrow              Conj/Erth      0%         3d7       77%         3
 Swiftness                Air            0%         N/A       77%         3
 Teleport Other           Tloc           0%         N/A       77%         3
 Animate Armour           Summ/Erth      0%         N/A       99%         4
 Dispersal                Tloc           0%         N/A       100%        6
 Lehudib's Crystal Spear  Conj/Erth      0%         10d2      100%        8


Dungeon Overview and Level Annotations

Branches:
Dungeon (6/15)             Temple (1/1) D:5

Altars:
Ashenzari
Cheibriados
Elyvilon
Fedhas
Gozag
Hepliaklqana
Kikubaaqudgha
Makhleb
Nemelex Xobeh
Okawaru
Qazlal
Ru
Sif Muna
Trog
Uskayaw
Vehumet
Wu Jian
Xom
Yredelemnul
Zin
The Shining One


Innate Abilities, Weirdness & Mutations

You are a tree.
Your roots penetrate the ground, keeping you stationary.
You cannot be teleported.
You are immune to unholy pain and torment.
Your maximum health is greatly increased.
Your equipment is partially melded.
You are very small and have problems with some larger weapons.
You are too small for most types of armour.
You have supernaturally acute eyesight. (SInv)
((You cover ground extremely quickly. (Speed+++)))


Message History

You feel clever all of a sudden. The killer bee closely misses you.
It was a potion of invisibility.
You fade into invisibility!
The killer bee completely misses you.
The centaur shoots an arrow.
The arrow hits the killer bee!
The killer bee stings you.
* * * LOW HITPOINT WARNING * * *
You are lethally poisoned!
The killer bee poisons you!
It was a potion of lignification.
You turn into a tree.
Your +0 cloak melds into your body.
Your +1 robe of cold resistance melds into your body.
You feel less resistant to cold.
Your roots penetrate the ground.
* * * LOW HITPOINT WARNING * * *
You feel sick. The killer bee stings you.
* * * LOW HITPOINT WARNING * * *
The centaur shoots an arrow.
The arrow barely misses the killer bee.
The arrow hits the killer bee.
The killer bee stings you but does no damage.
It was a potion of degeneration.
There was something very wrong with that liquid.
You feel weakened.
You feel dopey.
You feel clumsy.
* * * LOW HITPOINT WARNING * * *
You feel sick.
The centaur shoots an arrow.
The arrow barely misses the killer bee.
The arrow hits the killer bee!
The killer bee dies!
It was a potion of flight.
Your roots keep you in place.
* * * LOW HITPOINT WARNING * * *
You feel sick.
The centaur shoots an arrow.
The arrow completely misses the killer bee.
The arrow hits you but does no damage.
It was a potion of curing.
You feel better.
The centaur shoots an arrow.
The arrow barely misses you.
It was a potion of haste.
You feel yourself speed up.
The centaur shoots an arrow.
The arrow barely misses you.
Okay, then.
You cannot move.
Unknown command.
The centaur shoots an arrow.
The arrow hits you!
You die...

~..~~~..~.............
.#####..#.###...######
#..#(......######
#.####..#######.......
#......# ########
#.#####.# ###.##
#....# #♣#.## #†###
#c#


yyy ... ..... ..... ....... You could see a centaur (unable to see you) and 3
killer bees.

Vanquished Creatures
  Pikel (D:4)
  Menkaure (D:4)
  Duvessa (D:4)
  An ice beast (D:6)
  2 black bears
  3 lemures (D:4)
  2 phantoms (D:5)
  2 scorpions
  Dowan (D:4)
  3 hounds (D:5)
  A jelly (D:5)
  Crazy Yiuf (D:4)
  An orc priest (D:5)
  An iguana (D:5)
  3 orc wizards
  12 adders
  A white imp (D:6)
  A worm (D:2)
  A dart slug (D:4)
  17 orcs
  4 bats
  5 endoplasms
  3 giant cockroaches
  3 goblins
  9 hobgoblins
  12 jackals
  3 quokkas
  6 ball pythons
  2 frilled lizards
  4 kobolds
  A rat (D:3)
108 creatures vanquished.

Vanquished Creatures (others)
  A killer bee (D:6)
1 creature vanquished.

Grand Total: 109 creatures vanquished

Notes
Turn   | Place    | Note
-------+----------+-------------------------------------------
     0 | D:1      | LustLizard the Spriggan Hunter began the quest for the Orb.
     0 | D:1      | Reached XP level 1. HP: 10/10 MP: 2/2
   102 | D:1      | Reached XP level 2. HP: 14/14 MP: 3/3
   127 | D:1      | Found a faded altar of an unknown god.
   615 | D:1      | Reached XP level 3. HP: 14/18 MP: 4/4
   993 | D:2      | Reached skill level 5 in Ranged Weapons
  1036 | D:2      | You fall into a shaft and drop 2 floors!
  1041 | D:4      | Noticed Menkaure
  1066 | D:4      | Reached XP level 4. HP: 22/22 MP: 5/5
  1534 | D:2      | Found a burning altar of Makhleb.
  1828 | D:3      | Reached XP level 5. HP: 25/25 MP: 6/6
  2752 | D:4      | Reached skill level 5 in Stealth
  2868 | D:4      | Noticed Duvessa
  2869 | D:4      | Noticed Dowan
  2893 | D:4      | HP: 1/25 [poisoned by Duvessa]
  3488 | D:4      | Noticed Pikel
  3488 | D:4      | Noticed a lemure
  3488 | D:4      | Noticed a lemure
  3488 | D:4      | Noticed a lemure
  3488 | D:4      | Noticed a lemure
  4203 | D:4      | Killed Duvessa
  4204 | D:4      | Reached XP level 6. HP: 21/30 MP: 7/7
  4285 | D:4      | Killed Dowan
  4669 | D:4      | Found a runed translucent door.
  4670 | D:4      | Noticed Crazy Yiuf
  4787 | D:4      | Killed Pikel
  4788 | D:4      | Reached XP level 7. HP: 27/33 MP: 8/8
  5188 | D:4      | Killed Crazy Yiuf
  5266 | D:4      | Killed Menkaure
  5409 | D:5      | Entered Level 5 of the Dungeon
  5418 | D:5      | Reached XP level 8. HP: 26/37 MP: 9/9
  5790 | D:5      | Found a staircase to the Ecumenical Temple.
  5799 | Temple   | Entered the Ecumenical Temple
  6549 | D:5      | Found a stormy altar of Qazlal.
  7137 | D:6      | HP: 2/58 [poisoned by a killer bee]
  7141 | D:6      | Shot with an arrow by a centaur

Illustrated notes

Levels and vault maps discovered:
D:1:      eino_arrival_druids_welcome, layout_basic,
          dreamdust_ecumenical_altar_angels_and_demons, chequers_hall_statues_y,
          minmay_misc_feat_doors
D:2:      layout_basic, basic_altar, minivault_27, kennysheep_donut,
          serial_park_tiny_2
D:3:      layout_loops_cross
D:4:      layout_loops_corners, uniq_pikel, uniq_crazy_yiuf_cottage,
          uniq_duvessa, uniq_menkaure
D:5:      layout_basic, nicolae_qazlal_eye_of_the_storm,
          minmay_temple_entry_statues_fountains
D:6:      layout_loops_ring, ebering_ghost_sewer_f,
          chequers_serial_rivers_large_a, minmay_misc_feat_x,
          dreamdust_mushroom_princess, uniq_maggie
Temple:   nicolae_temple_bog_church

Skill      XL: |  1  2  3  4  5  6  7  8 |
---------------+-------------------------+-----
Stealth        | 2 3 4 5 7 8 9 |  9.5
Ranged Weapons | 5 6 8 9 |  9.9
Dodging        | 4 |  4.2
Fighting       | 2 |  2.1

Action                   |  1- 3 |  4- 6 |  7- 9 || total
-------------------------+-------+-------+-------++-------
 Fire: Shortbow          |    92 |   223 |   156 ||   471
  Use: Potion            |       |       |     7 ||     7
Armor: Robe              |     3 |     8 |    12 ||    23
       Skin              |       |       |     2 ||     2
Dodge: Dodged            |    46 |    66 |    61 ||   173
